 Dungeon Crawl Stone Soup version 0.29-a0-923-g6e406bff71 (webtiles) character file.

Game seed: 2145696936660208834

624 funkygono the Firebug (level 7, -3/43 (52) HPs)
             Began as a Red Draconian Fire Elementalist on July 27, 2022.
             Slain by a wight
             ... wielding a +5 battleaxe
              (5 damage)
             ... on level 4 of the Dungeon.
             The game lasted 00:07:44 (4698 turns).

funkygono the Firebug (DrFE)                        Turns: 4698, Time: 00:07:44

HP:   -3/43 (52)    AC:  9    Str: 11    XL:     7   Next: 22%
MP:   12/14         EV: 12    Int: 17    God:
Gold: 138           SH:  0    Dex: 11    Spells: 5/15 levels left

rFire   + . .      SeeInvis .   i - +0 whip
rCold   . . .      Faith    .   (no shield)
rNeg    . . .      Spirit   .   (body armour unavailable)
rPois   .          Reflect  .   (helmet restricted)
rElec   .          Harm     .   d - +0 cloak
rCorr   .          Rampage  .   e - +1 pair of gloves
Will    .....                   (no boots)
Stlth   ++........              g - amulet of magic regeneration
HPRegen 0.14/turn               h - +4 ring of slaying
MPRegen 0.54/turn               (no ring)

@: short of breath, hasted, heavily drained, very quick
A: breathe fire, AC +6, unfitting armour, fire resistance 1, cold-blooded
a: Breathe Fire


You were on level 4 of the Dungeon.
You visited 1 branch of the dungeon, and saw 5 of its levels.

You collected 138 gold pieces.

Inventory:

Hand Weapons
 i - a +0 whip (weapon)
 n - a +0 flail
Armour
 d - a +0 cloak (worn)
 e - a +1 pair of gloves (worn)
Jewellery
 g - an amulet of magic regeneration (around neck)
 h - a +4 ring of slaying (left hand)
Potions
 a - a potion of magic
 c - a potion of heal wounds
 f - 2 potions of brilliance
 j - 2 potions of mutation
 k - 4 potions of curing
 m - a potion of berserk rage {unknown}
 o - a potion of degeneration {unknown}


   Skills:
 + Level 1.2 Fighting
 + Level 1.0 Maces & Flails
 + Level 2.3 Dodging
 - Level 1.7 Stealth
 + Level 4.8 Spellcasting
 + Level 2.7 Conjurations
 + Level 6.7 Fire Magic


You had 5 spell levels left.
You knew the following spells:

 Your Spells              Type           Power      Damage    Failure   Level
a - Foxfire               Conj/Fire      80%        2x1d8     1%          1
b - Scorch                Fire           54%        2d7       1%          2
c - Conjure Flame         Conj/Fire      20%        6-21      6%          3
d - Flame Wave            Conj/Fire      20%        2d7       21%         4

Your spell library contained the following spells:

 Spells                   Type           Power      Damage    Failure   Level
 Inner Flame              Hex/Fire       15%        N/A       11%         3


Dungeon Overview and Level Annotations

Branches:
Dungeon (5/15)
 Temple: D:4-7

Altars:
Gozag

Shops:
D:1 *   D:3 ?


Innate Abilities, Weirdness & Mutations

You can breathe blasts of fire.
Your fiery red scales are hard. (AC +6)
You cannot fit into any form of body armour.
Your flesh is heat resistant. (rF+)
You are cold-blooded and may be slowed by cold attacks.


Message History

Okay, then.
Aiming: Breathe Fire (5% risk of failure)
Press: ? - help, Shift-Dir - straight line, f - wight
Aim: a wight, wielding a +0 short sword and wearing a +0 robe (68% to hit)
You breathe a blast of fire.
The fiery breath hits the wight.
The wight is lightly damaged.
The wight hits you with a +5 battleaxe.
You feel drained. The wight barely misses you.
Casting: Scorch (safe; 1% risk of failure)
Confirm with . or Enter, or press ? or * to list all spells.
There is not enough space to conjure foxfire!
Casting: Foxfire (safe; 1% risk of failure)
Confirm with . or Enter, or press ? or * to list all spells.
There is not enough space to conjure foxfire!
Unknown command.
Casting: Foxfire (safe; 1% risk of failure)
Confirm with . or Enter, or press ? or * to list all spells.
Flames lash the wight.
The wight is moderately damaged.
The wight's fire resistance burns away.
The wight hits you with a +5 battleaxe.
* * * LOW HITPOINT WARNING * * *
The wight hits you with a +0 short sword.
* * * LOW HITPOINT WARNING * * *
You feel drained.
* * * LOW HITPOINT WARNING * * *
You feel much better.
The wight hits you with a +5 battleaxe!!
* * * LOW HITPOINT WARNING * * *
The wight closely misses you.
Casting: Scorch (safe; 1% risk of failure)
Confirm with . or Enter, or press ? or * to list all spells.
Flames lash the wight.
The wight is lightly damaged.
The wight's fire resistance burns away.
The wight hits you with a +5 battleaxe!
* * * LOW HITPOINT WARNING * * *
You feel drained.
* * * LOW HITPOINT WARNING * * *
The wight hits you but does no damage.
You feel yourself speed up. The wight hits you with a +5 battleaxe.
You die...

.......##.# #...#
#.# .......##.#
##...###### #.#
.......##.#
#.........# #.#
..........#
#.........# #.#
.......####
#.........# #.#
####'#....#
#☼........# #.#
#.####.#
##...###### #.#
#.# #.# #.zz# #.#
#.# #.# #.#@# #.#
#.# #.# #.### #.#
#.# #.#
#.#############.#
#.# #.#
#.##............#
#.# #.#
#.##.############
####.# #.#
#.##.#.........#
.....# #.#
#.##.....#####.#
#########.#
#.##.##..# #.#
..........#
#.##.##..# #.#


You could see 2 wights.

Vanquished Creatures
  A water moccasin (D:4)
  A black bear (D:4)
  A phantom (D:4)
  A jelly (D:3)
  An orc priest (D:3)
  2 hounds
  Jessica (D:2)
  3 orc wizards
  2 adders
  A white imp (D:3)
  2 worms
  2 dart slugs (D:1)
  11 orcs
  5 bats (D:2)
  6 endoplasms
  3 giant cockroaches
  6 goblins
  7 hobgoblins
  8 jackals
  2 kobolds
  2 quokkas
  7 ball pythons
  2 frilled lizards
  8 rats
85 creatures vanquished.

Vanquished Creatures (others)
  254 foxfires
  8 fungi (D:5)
  2 plants (D:1)
264 creatures vanquished.

Grand Total: 349 creatures vanquished

Notes
Turn   | Place    | Note
-------+----------+-------------------------------------------
     0 | D:1      | funkygono the Draconian Fire Elementalist began the quest
                  | for the Orb.
     0 | D:1      | Reached XP level 1. HP: 14/14 MP: 3/3
   256 | D:1      | Reached XP level 2. HP: 20/20 MP: 0/5
   467 | D:1      | Learned a level 2 spell: Scorch
   864 | D:1      | Reached XP level 3. HP: 26/26 MP: 1/6
  1095 | D:1      | Found Bonox's Assorted Antiques.
  1817 | D:2      | Noticed Jessica
  1819 | D:2      | Killed Jessica
  1820 | D:2      | Reached XP level 4. HP: 33/33 MP: 5/8
  1929 | D:2      | Reached skill level 4 in Fire Magic
  2067 | D:2      | You fall into a shaft and drop 2 floors!
  2307 | D:2      | Learned a level 3 spell: Conjure Flame
  2342 | D:3      | Found an opulent altar of Gozag.
  2646 | D:3      | Reached XP level 5. HP: 39/39 MP: 7/10
  2891 | D:3      | Reached skill level 1 in Fighting
  3005 | D:3      | Found Owkampet's Magic Scroll Emporium.
  3392 | D:3      | Learned a level 4 spell: Flame Wave
  3647 | D:4      | Noticed a phantom
  3657 | D:4      | Killed a phantom
  3658 | D:4      | Reached skill level 1 in Maces & Flails
  3658 | D:4      | Reached XP level 6. HP: 45/47 MP: 6/12
  3752 | D:4      | Reached skill level 5 in Fire Magic
  4456 | D:5      | Entered Level 5 of the Dungeon
  4479 | D:5      | Noticed a water moccasin
  4491 | D:5      | Your scales start taking on a fiery red colour.
  4491 | D:5      | Reached skill level 6 in Fire Magic
  4491 | D:5      | Reached XP level 7. HP: 41/52 MP: 13/13
  4491 | D:5      | Gained mutation: Your flesh is heat resistant. (rF+) [Red
                  | Draconian growth]
  4697 | D:4      | HP: 2/43 [wight/+5 battleaxe (1)]
  4698 | D:4      | Slain by a wight

Illustrated notes

Levels and vault maps discovered:
D:1:      denvon_arrival_planthouse, layout_rooms, serial_shops,
          nicolae_shop_overgrown_old_shop, minivault_5
D:2:      layout_basic, serial_curves, eino_curves_02, eino_curves_01,
          uniq_jessica
D:3:      layout_loops_corners, nicolae_gozag_seed_capital, serial_shops,
          nicolae_shop_waterfront, patterned_corridor
D:4:      layout_basic
D:5:      layout_basic, mainiacjoe_overflow_swirl, temple_statues,
          serial_aquarium, aquarium_bridge_long_separate
          [aquarium_subvault_bridge, aquarium_subvault_balcony,
          aquarium_subvault_bridge, aquarium_subvault_window,
          aquarium_subvault_bridge, aquarium_subvault_wall],
          aquarium_bridge_square [aquarium_subvault_bridge,
          aquarium_subvault_wall, aquarium_subvault_bridge,
          aquarium_subvault_balcony], aquarium_window_2, aquarium_window_1,
          aquarium_window_2, aquarium_view_2e, minmay_manual_mess

Skill      XL: |  1  2  3  4  5  6 |
---------------+-------------------+-----
Dodging        | 2 |  2.3
Spellcasting   | 3 4 |  4.8
Fire Magic     | 4 6 |  6.7
Fighting       | 1 |  1.2
Maces & Flails | 1 |  1.0
Conjurations   | 2 |  2.7
Stealth        | |  1.7

Action                   |  1- 3 |  4- 6 |  7- 9 || total
-------------------------+-------+-------+-------++-------
Melee: Club              |    26 |       |       ||    26
       Whip              |     6 |    15 |     3 ||    24
       Tailslap          |     2 |     2 |     1 ||     5
 Cast: Foxfire           |    69 |    77 |     1 ||   147
       Scorch            |     6 |    15 |     3 ||    24
 Abil: Breathe Fire      |       |       |     1 ||     1
  Use: Scroll            |       |     9 |       ||     9
       Potion            |       |       |     2 ||     2
Armor: Skin              |    18 |    12 |     2 ||    32
Dodge: Dodged            |    34 |    27 |    11 ||    72

Table legend: (Time is in decaauts)
 A = Elapsed time spent in this place.
 B = Non-inter-level travel time spent in this place.
 C = Inter-level travel time spent in this place.
 D = Time resting spent in this place.
 E = Time spent auto-exploring this place.
 F = Levels seen in this place.
 G = Mean time per level.
                   A        B        C        D        E       F      G
               +--------+--------+--------+--------+--------+-----+--------+
         Total |   4707 |   4572 |    135 |     94 |   3804 |   5 |  941.4 |
       Dungeon |   4707 |   4572 |    135 |     94 |   3804 |   5 |  941.4 |
               +--------+--------+--------+--------+--------+-----+--------+

Top non-repeatable levels by time:
     D:1: 1304 daAuts
     D:4: 1273 daAuts
     D:3: 1144 daAuts
     D:2: 946 daAuts
     D:5: 38 daAuts
